 Seeded DCSS version 0.27.1 (webtiles) character file.

Game seed: 2859740041104659127 (custom seed)

123 voltaire321 the Stinger (level 4, -6/33 HPs)
             Began as a Demonspawn Venom Mage on Aug 24, 2021.
             Mangled by Sigmund (12 damage)
             ... on level 3 of the Dungeon.
             The game lasted 00:08:23 (2545 turns).

voltaire321 the Stinger (Demonspawn Venom Mage)     Turns: 2545, Time: 00:08:24

Health: -6/33      AC:  3    Str:  8    XL:     4   Next: 79%
Magic:  10/16      EV: 13    Int: 20    God:
Gold:   103        SH:  0    Dex: 19    Spells: 5/8 levels left

rFire    . . .     SeeInvis .   e - +0 dagger (freeze)
rCold    . . .     Faith    .   (no shield)
rNeg     . . .     Spirit   .   a - +0 robe
rPois    +         Reflect  .   (no helmet)
rElec    .         Harm     .   k - +0 cloak {rPois}
rCorr    .         Rampage  .   (no gloves)
Will     .....                  (no boots)
Stlth    ++........             (no amulet)
HPRegen  0.11/turn              b - +6 ring of dexterity
MPRegen  0.15/turn              i - ring of magical power

@: no status effects
A: big brain 1, demonic magic 1
a: no special abilities


You were on level 3 of the Dungeon.
You visited 1 branch of the dungeon, and saw 3 of its levels.

You collected 103 gold pieces.

Inventory:

Hand Weapons
 e - a +0 dagger of freezing (weapon)
Armour
 a - a +0 robe (worn)
 k - a +0 cloak of poison resistance (worn)
Jewellery
 b - a +6 ring of dexterity (left hand)
 i - a ring of magical power (right hand)
 l - a ring of flight
Scrolls
 d - a scroll of enchant armour {unknown}
 f - 2 scrolls of identify {unknown}
 g - a scroll of vulnerability {unknown}
 j - a scroll of enchant weapon {unknown}
 o - a scroll of summoning {unknown}
 p - a scroll of immolation {unknown}
Potions
 c - a potion of mutation {unknown}
 h - a potion of flight {unknown}
 m - a potion of might {unknown}
 q - a potion of heal wounds {unknown}


   Skills:
 + Level 1.7 Fighting
 + Level 2.4 Dodging
 - Level 1.7 Stealth
 + Level 2.6 Spellcasting
 + Level 1.9 Transmutations
 + Level 0.6 Air Magic
 + Level 3.6 Poison Magic


You had 5 spell levels left.
You knew the following spells:

 Your Spells              Type           Power      Damage    Failure   Level
a - Sting                 Tmut/Pois      52%        1d5       4%          1
b - Poisonous Vapours     Pois/Air       22%        N/A       10%         2

Your spell library contained the following spells:

 Spells                   Type           Power      Damage    Failure   Level
 Mephitic Cloud           Conj/Pois/Air  8%         N/A       24%         3
 Olgreb's Toxic Radiance  Pois           17%        N/A       32%         4


Dungeon Overview and Level Annotations

Branches:
Dungeon (3/15)

Altars:

Annotations:
D:3 Sigmund


Innate Abilities, Weirdness & Mutations

You have an unusually large brain. (Int +2)
Spells you cast may paralyse adjacent enemies.


Message History

Something hits you.
Casting: Sting (safe; 4% risk of failure)
Confirm with . or Enter, or press ? or * to list all spells.
Aiming: Sting (safe; 4% risk of failure)
Press: ? - help, Shift-Dir - straight line, f - ball python
Aim: a ball python (68% to hit)
The sting hits the ball python.
The ball python is poisoned.
You kill the ball python!
Malevolent energies surge around you.
Casting: Sting (safe; 4% risk of failure)
Confirm with . or Enter, or press ? or * to list all spells.
Okay, then.
Casting: Sting (safe; 4% risk of failure)
Confirm with . or Enter, or press ? or * to list all spells.
Aiming: Poisonous Vapours (safe; 10% risk of failure)
Press: ? - help, Dir - move target Poisonous vapours surround something!
Malevolent energies surge around you.
Casting: Poisonous Vapours (safe; 10% risk of failure)
Confirm with . or Enter, or press ? or * to list all spells.
Aiming: Poisonous Vapours (safe; 10% risk of failure)
Press: ? - help, Dir - move target Poisonous vapours surround something!
Malevolent energies surge around you.
Casting: Poisonous Vapours (safe; 10% risk of failure)
Confirm with . or Enter, or press ? or * to list all spells.
Aiming: Poisonous Vapours (safe; 10% risk of failure)
Press: ? - help, Dir - move target Poisonous vapours surround something!
Malevolent energies surge around you.
You hit something but do no damage. Something hits you!
Casting: Poisonous Vapours (safe; 10% risk of failure)
Confirm with . or Enter, or press ? or * to list all spells.
You don't know that spell.
You closely miss something. Something hits you!
* * * LOW HITPOINT WARNING * * *
Unknown command.
Unknown command.
You feel better.
You closely miss something. Something hits you.
* * * LOW HITPOINT WARNING * * *
Something hits you!
You die...

# #. # ..
....#.###########
#......†{.@...#
#.###########.#
#.# #.# #.# #.#
#.# #.# #.#


There were no monsters in sight!

Vanquished Creatures
  Crazy Yiuf (D:2)
  5 adders
  A worm (D:2)
  2 dart slugs (D:1)
  5 ball pythons
  6 bats
  3 endoplasms
  2 giant cockroaches
  4 hobgoblins
  2 jackals (D:2)
  A quokka (D:1)
  2 frilled lizards
  5 goblins
  A kobold (D:1)
  4 rats
44 creatures vanquished.

Notes
Turn   | Place    | Note
-------+----------+-------------------------------------------
     0 | D:1      | voltaire321 the Demonspawn Venom Mage began the quest for
                  | the Orb.
     0 | D:1      | Reached XP level 1. HP: 13/13 MP: 3/3
    64 | D:1      | Reached skill level 1 in Transmutations
   287 | D:1      | Gained mutation: You have an unusually large brain. (Int
                  | +2) [demonic ancestry]
   287 | D:1      | Reached XP level 2. HP: 9/20 MP: 1/5
   775 | D:1      | Learned a level 2 spell: Poisonous Vapours
   936 | D:1      | Found a faded altar of an unknown god.
  1066 | D:2      | Reached skill level 1 in Fighting
  1066 | D:2      | Reached XP level 3. HP: 26/26 MP: 4/6
  1462 | D:2      | Gained mutation: Spells you cast may paralyse adjacent
                  | enemies. [demonic ancestry]
  1462 | D:2      | Reached XP level 4. HP: 20/32 MP: 7/7
  1738 | D:2      | Found a runed translucent door.
  1739 | D:2      | Noticed Crazy Yiuf
  1748 | D:2      | Killed Crazy Yiuf
  2524 | D:3      | Noticed Sigmund
  2542 | D:3      | HP: 1/33 [something (10)]
  2545 | D:3      | Mangled by Sigmund

Illustrated notes

Levels and vault maps discovered:
D:1:      minmay_arrival_wavy_path, layout_rooms,
          shapermc_ecumenical_altar_totnotflames
D:2:      layout_loops_cross, minmay_circle_x, uniq_crazy_yiuf_cottage
D:3:      layout_basic, minmay_fractal_squares_gapless_5, uniq_sigmund

Skill      XL: |  1  2 |
---------------+-------+-----
Transmutations | 1 |  1.9
Dodging        | 2 |  2.4
Fighting       | 1 |  1.7
Stealth        | |  1.7
Spellcasting   | |  2.6
Air Magic      | |  0.6
Poison Magic   | |  3.6

Action                   |  1- 3 |  4- 6 || total
-------------------------+-------+-------++-------
Melee: Unarmed           |    18 |       ||    18
       Dagger            |    28 |    26 ||    54
 Cast: Sting             |    40 |    11 ||    51
       Poisonous Vapours |       |     3 ||     3
  Use: Potion            |     1 |     1 ||     2
 Stab: Sleeping          |     1 |     4 ||     5
       Paralysed         |       |     2 ||     2
       Distracted        |       |     1 ||     1
Armor: Robe              |    12 |       ||    12
Dodge: Dodged            |    43 |     9 ||    52
